Map: Eternal Empire LE

Players

Braunbär

  • Race: Protoss Protoss
  • League: Master
  • Spawn Location: 7:00

IIIIIIIIIIII - Winner!

  • Race: Protoss Protoss
  • League: Master
  • Spawn Location: 1:00

VOD

Have the link to the VOD?

Description

Time

  • Played on: Jan. 23, 2020, 3:50 p.m.
  • Length: 5:02
Show
View Real Time Build Order
Export as new Build Order

Braunbär Protoss 

Build Orders:  

Get SALT Encoding   

  12  0:01  Probe  
  13  0:13  Probe  
  14  0:18  Pylon  
  14  0:27  Probe (Chrono Boost)  
  15  0:39  Probe (Chrono Boost)  
  16  0:43  Gateway  
  16  0:47  Probe (Chrono Boost)  
  16  0:48  Assimilator  
  17  0:54  Probe (Chrono Boost)  
  17  0:56  Assimilator  
  18  1:06  Probe (Chrono Boost)  
  18  1:09  Gateway  
  19  1:13  Probe (Chrono Boost)  
  20  1:20  Probe  
  20  1:23  Pylon  
  21  1:31  Cybernetics Core  
  21  1:34  Probe  
  22  1:46  Probe  
  23  1:58  Probe  
  24  2:08  Stalker x2, Warp Gate  
  26  2:11  Probe  
  29  2:17  Pylon  
  29  2:23  Probe  
  30  2:42  Nexus  
  30  2:46  Stalker  
  32  2:52  Probe  
  33  3:01  Stalker  
  33  3:03  Pylon  
  35  3:09  Probe  
  36  3:14  Pylon  
  36  3:21  Probe  
  37  3:29  Robotics Facility  
  37  3:33  Probe  
  38  3:39  Pylon  
  35  3:48  Pylon  
  35  3:57  Zealot, Stalker  
  34  4:21  Stalker  
  36  4:36  Zealot  
  34  4:48  Stalker  
Show
View Real Time Build Order
Export as new Build Order

IIIIIIIIIIII Protoss - Winner!

Build Orders:  

Get SALT Encoding   

  12  0:01  Probe  
  13  0:13  Probe  
  14  0:18  Pylon  
  14  0:25  Probe (Chrono Boost)  
  15  0:38  Gateway, Probe (Chrono Boost)  
  16  0:43  Probe (Chrono Boost)  
  16  0:46  Assimilator  
  17  0:53  Probe  
  17  0:56  Assimilator  
  18  1:05  Probe  
  19  1:12  Gateway  
  19  1:18  Probe (Chrono Boost)  
  20  1:27  Cybernetics Core  
  20  1:28  Probe (Chrono Boost)  
  21  1:33  Probe (Chrono Boost)  
  21  1:39  Pylon  
  22  1:44  Probe  
  23  2:03  Adept x2  
  23  2:04  Warp Gate  
  27  2:09  Robotics Facility  
  27  2:32  Pylon  
  27  2:33  Stalker x2  
  31  2:54  Immortal (Chrono Boost)  
  35  3:06  Pylon  
  35  3:23  Warp Prism (Chrono Boost)  
  37  3:52  Immortal  
  37  3:53  Stalker  
  37  3:54  Stalker  
  41  4:16  Stalker  
  41  4:17  Stalker  
  43  4:40  Stalker  
Tags
 
Add a new tag
Caveats
  • Supply blocks, unpowered buildings, or Contaminate may cause inaccurate times.
  • Supply counts are checked every 10 seconds.